 Dungeon Crawl Stone Soup version 0.16-a0-331-g39fd2ee (webtiles) character file.

124 Gruud the Chiller (level 4, -6/30 HPs)
             Began as a Demonspawn Ice Elementalist on Sept 8, 2014.
             Killed from afar by an orc wizard (10 damage)
             ... with a puff of flame
             ... on Level 3 of the Dungeon.
             The game lasted 00:13:03 (2155 turns).

Gruud the Chiller (Demonspawn Ice Elementalist)     Turns: 2155, Time: 00:13:04

HP  -6/30        AC  4     Str  9      XL: 4   Next: 81%
MP   3/7         EV 12     Int 16      God:
Gold 102         SH  0     Dex 14      Spells:  2 memorised,  3 levels left

rFire  . . .     SeeInvis .     i - +0 trident
rCold  . . .     Clarity  .     u - +0 leather armour
rNeg   . . .     rCorr    .     (no shield)
rPois  .         rRot     .     (no helmet)
rElec  .         Spirit   .     j - +0 cloak
SustAb .         Warding  .     (no gloves)
rMut   +         Stasis   .     (no boots)
Gourm  .                        k - amulet of resist mutation
MR     .....                    (no ring)
                                d - +2 ring of evasion

@: not resistant to hostile enchantments, unstealthy
A: talons 1
a: no special abilities


You were on level 3 of the Dungeon.
You were not hungry.

You visited 1 branch of the dungeon, and saw 3 of its levels.

You collected 102 gold pieces.

Inventory:

Hand weapons
 i - a +0 trident (weapon)
 s - a +0 quarterstaff
Armour
 j - a +0 cloak (worn)
 r - a +0 leather armour
 u - a +0 leather armour (worn)
Comestibles
 c - 3 bread rations
 h - 5 fruits
 l - 3 rotting chunks of orc flesh
Scrolls
 f - 4 scrolls of identify
 g - a scroll of amnesia {unknown}
 n - a scroll of random uselessness {unknown}
 o - a scroll of teleportation
 p - a scroll of fog {unknown}
 q - a scroll of remove curse {unknown}
 t - a scroll of recharging {unknown}
 v - a scroll of immolation {unknown}
Jewellery
 d - a +2 ring of evasion (left hand)
 k - an amulet of resist mutation (around neck)
Potions
 a - 2 potions of heal wounds {unknown}
 m - a potion of resistance {unknown}
Books
 b - a book of Frost

   Spells                             Type                      Level
   *Freeze                            Ice                          1
   Throw Frost                        Conjuration/Ice              2
   *Ozocubu's Armour                  Charms/Ice                   3
   Throw Icicle                       Conjuration/Ice              4
   Summon Ice Beast                   Ice/Summoning                4
   Condensation Shield                Ice                          4


   Skills:
 - Level 1.7 Dodging
 - Level 1.7 Stealth
 - Level 2.0 Spellcasting
   Level 1.0 Conjurations
 * Level 5.1 Ice Magic


You had 3 spell levels left.
You knew the following spells:

 Your Spells              Type           Power        Failure   Level  Hunger
a - Freeze                Ice            ###.         2%          1    #......
b - Ozocubu's Armour      Chrm/Ice       #.......     21%         3    ####...


Dungeon Overview and Level Annotations

Branches:
Dungeon (3/15)

Altars:
Ashenzari
Kikubaaqudgha
Xom
The Shining One


Innate Abilities, Weirdness & Mutations

You have sharp toenails.


Message History

Aiming: Freeze
Press: ? - help, Shift-Dir - straight line, f/p - orc wizard
Aim: an orc wizard, wielding a dagger and wearing a robe (heavily wounded, fast)
You freeze the orc wizard.
The orc wizard is severely wounded.
The orc wizard gestures at you while chanting.
The magic dart hits you!
* * * LOW HITPOINT WARNING * * *
The orc wizard barely misses you.
Drink which item? (? for menu, Esc to quit)
You feel better. The orc wizard hits you with a dagger.
* * * LOW HITPOINT WARNING * * *
Drink which item? (? for menu, Esc to quit)
You feel better. The orc wizard casts a spell at you.
The puff of frost hits you!
* * * LOW HITPOINT WARNING * * *
The orc wizard gestures at you while chanting.
The puff of flame hits you!
You die...

##.#.## # #####........ ###+#.#
#.....##........ .......#######
#....(#########.
.............#####.....## ###.
......................... .......
.............#####.....# #####.
#............# #.....# #.
#............#####.....##### #.
................@oo....[...# #.
#............#####.....###># #.
................#......###.#####.
.#.#>............................
)#.#.#######.##.#........#######.
.#.....# #.##....##....#......#
.#.....# #.##...o##...........#
.#.....#####.##...o##............
.#................###............


You could see an orc wizard and an orc.

Vanquished Creatures
  An orc priest (D:3)
  3 adders
  A worm (D:2)
  A giant gecko (D:1)
  An ooze (D:2)
  4 orcs (D:3)
  8 bats
  3 giant cockroaches
  8 hobgoblins
  3 jackals
  5 kobolds
  A quokka (D:3)
  4 giant newts
  5 goblins
  8 rats
56 creatures vanquished.

Notes
Turn   | Place    | Note
--------------------------------------------------------------
     0 | D:1      | Gruud, the Demonspawn Ice Elementalist, began the quest for the Orb.
     0 | D:1      | Reached XP level 1. HP: 13/13 MP: 3/3
    93 | D:1      | Reached skill level 3 in Ice Magic
   147 | D:1      | Gained mutation: You have sharp toenails. [demonic ancestry]
   147 | D:1      | Reached XP level 2. HP: 7/19 MP: 1/4
   795 | D:1      | Reached XP level 3. HP: 24/24 MP: 6/6
   842 | D:2      | Reached skill level 4 in Ice Magic
  1074 | D:2      | Learned a level 3 spell: Ozocubu's Armour
  1137 | D:2      | Found an ancient bone altar of Kikubaaqudgha.
  1146 | D:2      | Found a shattered altar of Ashenzari.
  1287 | D:2      | Found a glowing golden altar of the Shining One.
  1425 | D:2      | Reached XP level 4. HP: 22/30 MP: 3/7
  1462 | D:2      | Found a shimmering altar of Xom.
  1856 | D:3      | Reached skill level 5 in Ice Magic
  2153 | D:3      | HP: 1/30 [orc wizard/magic dart (6)]
  2155 | D:3      | Killed from afar by an orc wizard

Action                   |  1- 3 |  4- 6 || total
-------------------------+-------+-------++-------
Melee: Short sword       |    57 |       ||    57
       Club              |     1 |       ||     1
       Spear             |    28 |    44 ||    72
       Trident           |       |     5 ||     5
 Cast: Freeze            |    35 |    15 ||    50
  Use: Scroll            |       |     2 ||     2
       Potion            |       |     2 ||     2
 Stab: Sleeping          |     5 |     1 ||     6
  Eat: Chunk             |     2 |     3 ||     5
